Cogmind - Beta 12 @@@ ROGUE MODE // 2024.02.26 @ 12:59:56 Player: Candesce Result: Self-destructed Performance ------------- Evolutions (6) 3000 Regions Visited (27) 5400 Robots Destroyed (306) 1530 Value Destroyed (11566) 11566 Prototype IDs (41) 820 Alien Tech Used (0) 0 Bonus (5525) 5525 TOTAL SCORE: 27841 Bonus ------- High Alert Combat Kills 247 Follower Combat Kills 2515 Met Data Miner 300 Met Warlord at Base 500 MAIN.C Attacked Warlord 500 Warlord Defense Kills 1024 A7 Reached Mainframe 300 Met R17 at Cetus 500 Friendly Fire -361 Cogmind --------- Core Integrity 1016/1150 Matter 207/300 Energy 372/700 System Corruption 0% Temperature Warm (170) Movement Immobile (Siege) Location -4/Hub_04(d) Parts ------- > --- POWER (2) -------- Vortex Chain Reactor > --- PROPULSION (4) --- Improved Heavy Treads Improved Heavy Treads > --- UTILITY (8) ------ Advanced Coolant Injector Spectral Analyzer Weapon Mount Improved Target Analyzer Improved Force Field Improved Hacking Suite Improved Hacking Suite > --- WEAPON (5) ------- Coil Gun > --- INVENTORY (5) ---- Improved Heavy Treads Improved Cooling System Improved Matter Compressor (300) Improved Weapon Cycler Peak State ------------ > --- POWER ------------ Vortex Chain Reactor > --- PROPULSION ------- Improved Heavy Treads Improved Heavy Treads > --- UTILITY ---------- Advanced Coolant Injector Spectral Analyzer Weapon Mount Improved Target Analyzer Experimental Utility Shielding Experimental Thermal Shield Improved Hacking Suite Improved Hacking Suite > --- WEAPON ----------- Vortex Cannon Coil Gun KE Penetrator Railgun Advanced KE Penetrator > --- INVENTORY -------- Improved Heavy Treads Improved Cooling System Improved Matter Compressor Improved Weapon Cycler [Rating: 136] Favorites ----------- Power Enhanced Nuclear Core Engine F-cell Engine Power Core Enhanced Nuclear Core Reactor Antimatter Reactor Propulsion Armored Leg Treads Light Treads Leg Armored Leg Utility Hacking Suite Device Seismic Detector Storage Compact Battery Processor Improved Target Analyzer Hackware Hacking Suite Protection Improved Medium Armor Plating Weapon Gauss Rifle Energy Gun Heavy Gatling Laser Energy Cannon Advanced Beam Cannon Ballistic Gun Gauss Rifle Ballistic Cannon Bore Cannon Launcher Grenade Launcher Special Weapon RU-N14's Throwing Claymores Slashing Weapon Great Axe Piercing Weapon CR-A16's Pointy Stick Build | -11 -10 -10 -9 -9 -8 -7 -7 -7 -7 -6 -6 -6 -6 -6 -5 -5 -5 -5 -5 -5 -5 -4 -4 -4 -4 -4 -4 ------- Run | Jun Mat Min Mat Sto Mat Fac Low Low Dat Pro Fac Low Low Zio Pro Fac Was Fac Upp Upp War Pro Fac Ext Cet Arc Hub Slots Evolved 12 | . . . 2 . 2 2 . . . . 2 . . . . 2 . . . . . . 2 . . . . Power 1 | . . . . . . . . . . . . . . . . . . . . . . . 1 . . . . Propulsion 2 | . . . . . . . . . . . 1 . . . . 1 . . . . . . . . . . . Utility 6 | . . . 2 . 2 2 . . . . . . . . . . . . . . . . . . . . . Weapon 3 | . . . . . . . . . . . 1 . . . . 1 . . . . . . 1 . . . . Parts Attached 310 | 7 8 4 53 20 28 30 10 6 1 16 20 4 2 5 13 13 7 9 1 . 13 8 13 8 3 2 6 Power 20 | 2 1 1 2 2 2 1 1 . . . 2 . . . 1 2 1 . . . . . 2 . . . . Engine 12 | 2 1 1 2 2 1 . . . . . 2 . . . 1 . . . . . . . . . . . . Core 5 | . . . . . 1 1 1 . . . . . . . . 2 . . . . . . . . . . . Reactor 3 | . . . . . . . . . . . . . . . . . 1 . . . . . 2 . . . . Propulsion 36 | 2 2 2 5 6 3 3 . . . 1 2 1 . . . 2 2 1 . . . . 2 . . . 2 Treads 25 | 2 . 2 5 6 3 . . . . . . . . . . . 2 1 . . . . 2 . . . 2 Leg 11 | . 2 . . . . 3 . . . 1 2 1 . . . 2 . . . . . . . . . . . Wheel . | . . . . . . . . . . . . . . . . . . . . . . . . . . . . Hover . | . . . . . . . . . . . . . . . . . . . . . . . . . . . . Flight . | . . . . . . . . . . . . . . . . . . . . . . . . . . . . Utility 147 | 1 2 . 39 10 17 18 5 4 . 4 6 2 2 3 1 3 2 5 1 . 7 2 6 3 . . 4 Device 100 | 1 2 . 26 10 15 13 4 3 . 2 3 . 2 1 . 1 1 2 1 . 2 1 5 3 . . 2 Storage 2 | . . . . . . . . . . . . . . . . . . . . . . 1 1 . . . . Processor 7 | . . . . . . . . . . . 1 2 . 1 1 1 . . . . 1 . . . . . . Hackware 14 | . . . 3 . 2 2 . . . 1 1 . . 1 . . . 2 . . . . . . . . 2 Protection 24 | . . . 10 . . 3 1 1 . 1 1 . . . . 1 1 1 . . 4 . . . . . . Artifact . | . . . . . . . . . . . . . . . . . . . . . . . . . . . . Weapon 107 | 2 3 1 7 2 6 8 4 2 1 11 10 1 . 2 11 6 2 3 . . 6 6 3 5 3 2 . Energy Gun 11 | . . . . . . . . . . . . 1 . . 1 . . 2 . . 3 2 2 . . . . Energy Cannon 28 | . 1 1 2 1 2 4 2 . . 3 3 . . . 1 1 . . . . 1 3 1 . 1 1 . Ballistic Gun 40 | 2 . . 5 1 1 . . . . 3 7 . . 1 4 3 2 1 . . 2 . . 5 2 1 . Ballistic Cannon 4 | . . . . . 1 . . . . . . . . . 1 1 . . . . . 1 . . . . . Launcher 16 | . 2 . . . 2 1 2 1 1 4 . . . . 2 1 . . . . . . . . . . . Special Weapon 2 | . . . . . . . . . . . . . . . 2 . . . . . . . . . . . . Impact Weapon . | . . . . . . . . . . . . . . . . . . . . . . . . . . . . Slashing Weapon 5 | . . . . . . 3 . 1 . 1 . . . . . . . . . . . . . . . . . Piercing Weapon 1 | . . . . . . . . . . . . . . 1 . . . . . . . . . . . . . Special Melee Weapon . | . . . . . . . . . . . . . . . . . . . . . . . . . . . . Unidentified Prototypes 20 | . 1 . 1 . . . 1 . . 1 1 . . 1 2 1 . 1 . . 4 1 3 . 1 . 1 Parts Lost 26 | . 2 . 1 . . . 1 . . 3 1 2 1 . 6 . 1 . . . . 4 . . . . 4 Power . | . . . . . . . . . . . . . . . . . . . . . . . . . . . . Propulsion 1 | . 1 . . . . . . . . . . . . . . . . . . . . . . . . . . Utility 11 | . . . 1 . . . 1 . . 2 1 2 1 . 1 . . . . . . 1 . . . . 1 Weapon 14 | . 1 . . . . . . . . 1 . . . . 5 . 1 . . . . 3 . . . . 3 Highest Loss Streak 4 | . 2 . 1 . . . 1 . . 2 1 1 1 . 3 . 1 . . . . 2 . . . . 4 To Critical Strikes . | . . . . . . . . . . . . . . . . . . . . . . . . . . . . Average Slot Usage (%) 94 | . 86 100 99 99 99 99 99 100 92 99 99 97 99 100 95 95 89 87 88 88 85 81 85 84 84 84 83 Engine 3 | . 14 14 11 11 8 . . . . . 3 6 6 6 6 3 . . . . . . . . . . . Core 1 | . . . . . . 7 7 7 7 7 2 . . . . 1 1 . . . . . . . . . . Reactor 1 | . . . . . . . . . . . . . . . . . 3 5 5 5 5 5 6 5 5 5 5 Treads 8 | . 15 26 22 21 18 3 . . . . . . . . . . 8 11 11 11 11 11 10 10 10 10 10 Leg 8 | . 8 1 . . . 11 15 15 15 15 20 20 20 20 20 18 4 . . . . . . . . . . Device 20 | . 26 28 14 11 18 17 22 22 23 19 22 29 25 24 20 15 11 10 17 17 16 17 23 26 26 26 15 Processor 5 | . . . . . . . . . . . . 6 13 13 17 17 17 11 11 11 11 11 10 10 10 10 10 Hackware 14 | . . . 21 22 26 27 23 23 23 26 23 7 6 7 13 11 11 17 11 11 4 . . . . . 9 Protection 8 | . . . 7 11 9 14 15 15 15 13 6 6 6 6 . 1 5 5 5 5 11 8 5 5 5 5 5 Energy Gun 2 | . . . . . . . . . . . . 2 6 6 1 . . 2 11 11 12 7 13 9 . . . Energy Cannon 5 | . 10 14 10 11 9 7 6 7 . 3 . . . . 4 2 . . . . 1 8 6 4 . 2 4 Ballistic Gun 8 | . 9 . 11 11 8 . . . . 3 18 17 13 12 5 19 22 20 11 11 5 2 . 7 25 23 21 Slashing Weapon 1 | . . . . . . 4 7 7 7 6 . . . . . . . . . . . . . . . . . Naked Turns . | . . . . . . . . . . . . . . . . . . . . . . . . . . . . Heaviest Build 92 | 10 14 16 22 18 24 33 37 37 37 43 43 43 40 40 44 50 51 53 57 57 73 76 90 90 82 92 92 Greatest Support 150 | 40 40 40 40 40 40 40 32 32 32 44 60 60 60 60 60 75 140 140 140 140 140 140 150 150 150 150 150 Greatest Overweight (x) 1 | 1 1 . . . . 1 1 1 1 1 . . . . . . . . . . . . 1 . . . . Average Overweight (x) . | . . . . . . . . 1 . . . . . . . . . . . . . . . . . . . Largest Inventory Capacity 5 | 5 5 5 5 5 5 5 5 5 5 5 5 5 5 5 5 5 5 5 5 5 5 5 5 5 5 5 5 Average Capacity 5 | 5 5 5 5 5 5 5 5 5 5 5 5 5 5 5 5 5 5 5 5 5 5 5 5 5 5 5 5 Most Carried 5 | 1 5 5 5 5 5 5 5 5 5 5 5 5 5 5 5 5 5 5 5 5 5 5 5 5 5 5 5 Average Carried 4 | . 2 4 4 4 4 4 4 5 4 4 4 5 5 4 4 4 4 4 4 5 4 4 4 4 5 4 5 Final Capacity 5 | 5 5 5 5 5 5 5 5 5 5 5 5 5 5 5 5 5 5 5 5 5 5 5 5 5 5 5 5 Final Carried 5 | . 4 5 5 5 5 5 5 5 5 5 5 5 5 5 5 5 5 5 5 5 5 5 5 5 5 5 5 Class Distribution -------------------- 30% | Hacker-Mutant 25% | Scavenger-Gunner 19% | Scavenger-Mutant 6% | Scavenger-Tank 5% | Commander-Gunner 3% | Mutant 3% | Gunner Dominant Class ---------------- Mutant | -10/Materials Scavenger-Mutant | -10/Mines Scavenger-Mutant | -9/Materials Scavenger-Mutant | -9/Storage Hacker-Mutant | -8/Materials Hacker-Mutant | -7/Factory Hacker-Mutant | -7/Lower Caves Hacker-Mutant | -7/Lower Caves Hacker-Mutant | -7/Data Miner Hacker-Mutant | -6/Proximity Caves Hacker-Tank | -6/Factory Scavenger-Tank | -6/Lower Caves Scavenger-Gunner | -6/Lower Caves Scavenger-Gunner | -6/Zion Derelict-Gunner | -5/Proximity Caves Scavenger-Gunner | -5/Factory Scavenger-Gunner | -5/Waste Scavenger-Gunner | -5/Factory Scavenger-Gunner | -5/Upper Caves Scavenger-Gunner | -5/Upper Caves Scavenger-Tank | -5/Warlord Scavenger-Gunner | -4/Proximity Caves Scavenger-Gunner | -4/Factory Commander-Gunner | -4/Extension Commander-Gunner | -4/Cetus Commander-Gunner | -4/Archives Scavenger-Gunner | -4/Hub_04(d) Resources | -11 -10 -10 -9 -9 -8 -7 -7 -7 -7 -6 -6 -6 -6 -6 -5 -5 -5 -5 -5 -5 -5 -4 -4 -4 -4 -4 -4 ----------- Run | Jun Mat Min Mat Sto Mat Fac Low Low Dat Pro Fac Low Low Zio Pro Fac Was Fac Upp Upp War Pro Fac Ext Cet Arc Hub Matter Collected 8078 | 300 185 70 789 285 400 370 152 81 . 315 302 643 47 50 521 490 392 241 134 71 209 164 348 790 186 164 379 Remotely . | . . . . . . . . . . . . . . . . . . . . . . . . . . . . Salvage Created 14882 | 101 509 63 1212 790 825 601 307 151 . 423 353 832 114 . 1003 1163 1468 355 80 113 378 408 707 1908 76 140 802 Parts 687 | 5 32 12 88 38 49 37 14 9 . 21 27 31 2 . 43 65 41 31 6 2 11 4 21 50 3 17 28 Haulers Intercepted 13 | . . . 4 2 2 . 1 . . . . . . . . 1 . . . . . . 2 1 . . . Recyclers Shooed 8 | 1 . . 3 . . . . . . . 1 . . . . 1 . . . . . . . 2 . . . Parts Field Recycled . | . . . . . . . . . . . . . . . . . . . . . . . . . . . . Retrieved Matter . | . . . . . . . . . . . . . . . . . . . . . . . . . . . . Parts Self-Destructed 139 | . . . . . . . 11 10 . 22 . 24 10 1 43 . . . 12 2 . 4 . . . . . Prevented 2 | . . . . . . . . . . . . . . . 1 . . . 1 . . . . . . . . Kills | -11 -10 -10 -9 -9 -8 -7 -7 -7 -7 -6 -6 -6 -6 -6 -5 -5 -5 -5 -5 -5 -5 -4 -4 -4 -4 -4 -4 ------- Run | Jun Mat Min Mat Sto Mat Fac Low Low Dat Pro Fac Low Low Zio Pro Fac Was Fac Upp Upp War Pro Fac Ext Cet Arc Hub Combat Hostiles Destroyed 230 | . 14 3 21 10 17 13 8 6 . 13 4 13 3 . 21 14 5 6 3 2 8 10 8 20 1 . 7 Melee 1 | . . . . . . . . . . 1 . . . . . . . . . . . . . . . . . Guns 106 | . 6 . 6 2 6 . . . . 1 4 13 3 . 7 8 5 6 3 2 4 5 4 13 1 . 7 Cannons 67 | . 6 . 15 7 6 9 1 2 . 2 . . . . 6 1 . . . . . 3 4 5 . . . AOE 50 | . 2 3 . . 5 4 7 4 . 9 . . . . 7 5 . . . . 4 . . . . . . Classes Destroyed 20 | 2 4 . 4 . . 2 . . . 1 . 2 . . 1 . 1 . . . 2 1 . . . . . Worker 12 | . . . 4 1 . . . . . . 1 . . . . 2 . 1 . . . . . 1 . . 2 Builder 4 | . . . . . . 1 . . . . . . . . . 1 . . . . . . . 1 . . 1 Tunneler 6 | 1 . 2 1 . . 1 . . . . 1 . . . . . . . . . . . . . . . . Hauler 13 | . . . 4 2 2 . 1 . . . . . . . . 1 . . . . . . 2 1 . . . Recycler 13 | 1 . . 1 2 2 . . . . . . . . . . 2 . . . . . . . 3 . . 2 Operator 15 | . 2 . 1 2 . 1 . . . . 1 . . . . 1 . 1 . . . . 1 . . 4 1 Watcher 13 | . 3 . 3 1 . . . . . . 2 . . . . 1 . 2 . . . . . 1 . . . Swarmer 64 | . 5 3 4 . 7 4 3 4 . 8 . . 2 . 6 6 . 5 3 . . . . 3 . . 1 Grunt 92 | . 9 . 11 7 4 4 5 . . 3 . 7 1 . 9 3 . . . 2 2 6 8 8 . . 3 Brawler 6 | . . . 2 1 1 . . . . . . 1 . . . . . . . . . 1 . . . . . Duelist 2 | . . . . . . . . . . . . . . . 1 1 . . . . . . . . . . . Protector 1 | . . . . . . . . . . . . . . . . . . . . . 1 . . . . . . Sentry 27 | . . . 4 2 5 3 . . . . 1 . . . 1 2 . 1 . . . . . 6 . . 2 Demolisher 1 | . . . . . . . . . . . . . . . . . . . . . 1 . . . . . . Specialist 3 | . . . . . . . . . . . . . . . 2 . . . . . 1 . . . . . . Hunter 8 | . . . . . . . . . . 2 1 . . . 2 . . . . . . 2 . . . . 1 Programmer 11 | . . . . . . 2 . 2 . . 2 . . . . 2 . . . . 3 . . . . . . Behemoth 3 | . . . . . . . . . . . . . . . . . . . . . . 1 . 2 . . . Compactor 5 | . . . . . . . . . . . . . . . . . 5 . . . . . . . . . . Cetus Guard 1 | . . . . . . . . . . . . . . . . . . . . . . . . . 1 . . Thug 2 | . . . . . . . . . . . . 1 . . . . . . . . . . . 1 . . . Butcher 3 | . . . . . . . . . . . . 3 . . . . . . . . . . . . . . . Mutant 1 | . . . . . . . . . . . . 1 . . . . . . . . . . . . . . . Best Kill Streak 7 | 2 5 3 5 4 4 5 6 4 . 4 3 5 3 . 7 6 4 5 3 2 5 4 3 5 1 3 5 Combat Bots Only 7 | . 4 3 5 3 4 5 5 4 . 4 1 5 3 . 7 5 4 3 3 2 5 4 3 4 1 . 2 Max Kills in Single Turn 4 | 1 2 2 2 1 3 4 3 4 . 3 2 1 2 . 4 4 1 2 2 1 4 1 1 2 1 1 2 Gunslinging 1 | . . . . . . . . . . . . . 1 . . 1 . . . . . . . . . . . Exploded 4 | . 2 2 . . 3 4 3 4 . 3 . . . . 4 4 . . . . 4 . . . . . . Melee 1 | . . . . . . . . . . 1 . . . . . . . . . . . . . . . . . Uniques/NPCs Destroyed . | . . . . . . . . . . . . . . . . . . . . . . . . . . . . Combat | -11 -10 -10 -9 -9 -8 -7 -7 -7 -7 -6 -6 -6 -6 -6 -5 -5 -5 -5 -5 -5 -5 -4 -4 -4 -4 -4 -4 -------- Run | Jun Mat Min Mat Sto Mat Fac Low Low Dat Pro Fac Low Low Zio Pro Fac Was Fac Upp Upp War Pro Fac Ext Cet Arc Hub Damage Taken 12429 | . 696 37 769 316 414 816 183 130 . 1291 293 684 117 . 1879 507 36 336 35 45 221 1155 297 449 25 45 1653 Core 1059 | . 84 14 99 26 47 63 . 33 . 177 15 38 . . 240 . . . 6 9 11 63 39 30 . . 65 Absorbed by Shields 3712 | . . . . . 159 363 67 48 . 18 8 246 14 . . . . . 37 47 216 1124 309 474 26 47 509 Reduced by Siege Mode 319 | . . . . . . . . . . . . . . . . . . . . . 3 107 21 10 . . 178 Redirected to Shielding 290 | . . . 27 18 24 32 18 . . 27 . . . . . . . . . . 24 45 18 8 . . 49 Regen/Repaired (Parts) 1579 | . . . 48 85 . 210 . . . . 163 . . 824 . 239 . . . . 10 . . . . . . Core Remaining (%) 76 | 100 . 60 . 68 91 . . . . 61 . . . . 65 . . . . . . 91 . . . . . Volleys Fired 696 | 5 63 8 74 47 43 51 13 10 . 30 24 41 4 . 60 23 14 16 2 5 16 43 26 34 8 7 29 Largest 5 | 2 2 1 2 2 2 2 1 1 . 1 3 3 3 . 3 4 4 4 4 4 4 4 5 5 5 5 4 Hottest 435 | 40 88 68 91 91 91 119 80 80 . 80 86 133 133 . 148 214 140 184 249 249 278 355 435 351 161 166 133 Shots Fired 1607 | 10 85 8 149 68 80 59 13 10 . 31 64 123 12 . 127 86 55 54 9 18 35 100 83 152 35 35 106 Gun 1085 | 10 35 . 85 20 37 . . . . 6 60 123 12 . 83 78 55 54 9 18 28 63 44 93 34 35 103 Cannon 498 | . 48 6 64 48 41 58 10 9 . 17 4 . . . 41 6 . . . . 7 37 39 59 1 . 3 Launcher 24 | . 2 2 . . 2 1 3 1 . 8 . . . . 3 2 . . . . . . . . . . . Special . | . . . . . . . . . . . . . . . . . . . . . . . . . . . . Kinetic 969 | 10 35 . 85 20 37 8 . . . 6 60 120 8 . 81 80 55 49 4 10 15 23 24 67 34 35 103 Thermal 570 | . 48 6 64 48 41 50 10 9 . 17 4 3 4 . 43 4 . 5 5 8 6 51 59 85 . . . Explosive 24 | . 2 2 . . 2 1 3 1 . 8 . . . . 3 2 . . . . . . . . . . . Electromagnetic . | . . . . . . . . . . . . . . . . . . . . . . . . . . . . Entropic 44 | . . . . . . . . . . . . . . . . . . . . . 14 26 . . 1 . 3 Robot Hit Streak 36 | 4 15 4 14 15 11 11 6 3 . 9 15 15 7 . 30 34 36 21 5 12 12 25 24 27 20 21 30 Robot Miss Streak 7 | 1 3 1 4 2 2 5 2 3 . 3 7 2 2 . 2 1 2 2 1 3 2 2 2 1 1 1 5 Penetration Max 3 | . . . . . . . . . . . 1 1 . . 1 3 1 2 1 . 2 1 1 1 1 1 1 Secondary Targets 14 | . . . . . . . . . . . . 3 1 . 3 4 1 1 . . . . . 1 . . . Max Gunslinging Chain 1 | . . . . . . . . . . . . 1 1 . 1 1 1 1 . . . . . 1 . . . Shots Hit Robots 1137 | 6 52 5 92 42 51 52 7 4 . 23 37 95 8 . 87 67 45 37 6 14 23 90 60 109 27 23 75 Core Hits 538 | 3 23 4 43 17 28 24 11 5 . 23 20 32 4 . 34 38 14 19 5 7 20 32 27 51 12 12 30 Critical Kills 61 | . . . . 2 . . . . . . . 3 . . 5 12 5 7 . 1 1 1 4 11 1 2 6 Critical Parts Destroyed 64 | 1 . . 1 . . . . . . . . . . . 2 14 1 4 . . 3 3 5 14 5 2 9 Critical Strikes 159 | 1 . . 1 2 . 2 . . . . . 4 . . 8 26 15 15 . 1 6 11 9 32 6 5 15 Burn 4 | . . . . . . . . . . . . 1 . . 1 . . . . . . . . 2 . . . Meltdown 5 | . . . . 2 . . . . . . . . . . 1 . . . . . . 1 . 1 . . . Destroy 136 | 1 . . 1 . . . . . . . . 3 . . 6 26 15 15 . 1 1 3 9 29 6 5 15 Sever 2 | . . . . . . 2 . . . . . . . . . . . . . . . . . . . . . Detonate 4 | . . . . . . . . . . . . . . . . . . . . . 3 1 . . . . . Sunder 8 | . . . . . . . . . . . . . . . . . . . . . 2 6 . . . . . Melee Attacks 36 | . . . . . . 26 1 . . 7 1 . . 1 . . . . . . . . . . . . . Impact . | . . . . . . . . . . . . . . . . . . . . . . . . . . . . Slashing 35 | . . . . . . 26 1 . . 7 1 . . . . . . . . . . . . . . . . Piercing 1 | . . . . . . . . . . . . . . 1 . . . . . . . . . . . . . Sneak Attacks 4 | . . . . . . 4 . . . . . . . . . . . . . . . . . . . . . Combat Hostiles . | . . . . . . . . . . . . . . . . . . . . . . . . . . . . Follow-up Attacks . | . . . . . . . . . . . . . . . . . . . . . . . . . . . . Damage Inflicted 32448 | 72 1016 289 1793 869 1232 1825 815 422 . 1806 816 2040 163 . 2525 1302 457 428 179 285 2051 3667 1680 3355 721 603 2037 Guns 17819 | 72 289 . 718 186 383 . . . . 79 816 2040 163 . 1394 880 457 428 179 285 863 1989 899 2339 721 603 2036 Cannons 8999 | . 595 102 966 680 575 1085 152 136 . 353 . . . . 487 36 . . . . 483 1597 781 971 . . . Explosions 4736 | . 132 187 99 . 269 181 663 286 . 1103 . . . . 644 386 . . . . 705 81 . . . . . Melee 825 | . . . . . . 554 . . . 271 . . . . . . . . . . . . . . . . . Ramming 69 | . . . 10 3 5 5 . . . . . . . . . . . . . . . . . 45 . . 1 Kinetic 14090 | 72 289 . 718 186 383 50 . . . 79 816 2019 102 . 1287 916 457 428 81 115 334 483 388 1527 721 603 2036 Thermal 11361 | . 595 102 966 680 575 1035 152 136 . 353 . 21 61 . 594 . . . 98 170 855 1893 1292 1783 . . . Explosive 3950 | . 132 187 99 . 269 181 663 286 . 1103 . . . . 644 386 . . . . . . . . . . . Electromagnetic . | . . . . . . . . . . . . . . . . . . . . . . . . . . . . Impact . | . . . . . . . . . . . . . . . . . . . . . . . . . . . . Slashing 825 | . . . . . . 554 . . . 271 . . . . . . . . . . . . . . . . . Piercing . | . . . . . . . . . . . . . . . . . . . . . . . . . . . . Entropic 2153 | . . . . . . . . . . . . . . . . . . . . . 862 1291 . . . . . Highest Corruption 13 | . . . 3 3 . . . 1 1 1 . . . . 1 2 13 13 13 13 13 4 . . . . . Average Corruption 4 | . . . 3 3 . . . 1 1 1 . . . . 1 1 9 13 13 13 7 4 . . . . . Corruption Purged . | . . . . . . . . . . . . . . . . . . . . . . . . . . . . Corruption Blocked . | . . . . . . . . . . . . . . . . . . . . . . . . . . . . Effects 136 | . . . 7 18 . . . 8 2 10 . . . . . 2 7 28 15 15 6 18 . . . . . Message Errors 31 | . . . 2 2 . . . 4 1 3 . . . . . . 1 8 3 2 1 4 . . . . . Matter Fused 26 | . . . 3 5 . . . 1 1 2 . . . . . . . 2 4 1 2 5 . . . . . Heat Flow Errors 17 | . . . 1 2 . . . 1 . 2 . . . . . 1 2 4 . 1 2 1 . . . . . Energy Discharges 16 | . . . . 3 . . . 1 . . . . . . . 1 . 2 3 2 . 4 . . . . . Parts Rejected 1 | . . . . . . . . . . . . . . . . . . 1 . . . . . . . . . Parts Fused 1 | . . . . 1 . . . . . . . . . . . . . . . . . . . . . . . Data Loss (minor) 24 | . . . . 3 . . . 1 . 2 . . . . . . 2 4 1 7 1 3 . . . . . Data Loss (major) 6 | . . . . . . . . . . . . . . . . . . 2 3 1 . . . . . . . Misfires 8 | . . . 1 2 . . . . . 1 . . . . . . 1 2 1 . . . . . . . . Alerts 3 | . . . . . . . . . . . . . . . . . . 2 . 1 . . . . . . . Weapon Failures 3 | . . . . . . . . . . . . . . . . . 1 1 . . . 1 . . . . . Overload Shots 1 | . . . . . . . . . . . . . . . 1 . . . . . . . . . . . . Overflow Damage 509 | . 32 10 . . . 83 63 51 . 171 . . . . . . . . . . 62 37 . . . . . Projectiles 166 | . 32 . . . . 35 . . . . . . . . . . . . . . 62 37 . . . . . Explosions 145 | . . 10 . . . . 63 51 . 21 . . . . . . . . . . . . . . . . . Melee 198 | . . . . . . 48 . . . 150 . . . . . . . . . . . . . . . . . Knockbacks 4 | . . . . . . . . . . . . . . . 1 . . . . . . . 1 2 . . . Impact . | . . . . . . . . . . . . . . . . . . . . . . . . . . . . Kinetic 4 | . . . . . . . . . . . . . . . 1 . . . . . . . 1 2 . . . Secondary . | . . . . . . . . . . . . . . . . . . . . . . . . . . . . Self-Inflicted Damage 410 | . . 28 73 . . . 76 32 . 201 . . . . . . . . . . . . . . . . . Shots 9 | . . 1 1 . . . 2 1 . 4 . . . . . . . . . . . . . . . . . Rammed 13 | . . . 5 1 2 1 . . . . . . . . . . . . . . . . . 3 . . 1 Targets Rammed 13 | . . . 5 1 2 1 . . . . . . . . . . . . . . . . . 3 . . 1 Kicked . | . . . . . . . . . . . . . . . . . . . . . . . . . . . . Crushed . | . . . . . . . . . . . . . . . . . . . . . . . . . . . . Highest Temperature 501 | . 354 4 186 233 28 320 224 294 . 303 . . 24 . 199 328 167 225 106 284 108 237 501 198 14 . 191 Average Temperature 91 | . 135 1 30 35 11 100 90 123 . 92 . . 17 . 84 76 83 66 55 141 37 81 195 111 10 . 53 Received Heat Transfer 2581 | . 309 . 282 156 133 183 18 . . 120 36 214 62 . 483 126 . . . 20 . 107 102 59 4 4 163 Effects 10 | . . . . . . . . . . 1 . . . . . . . . . . . 5 4 . . . . Shutdowns 1 | . . . . . . . . . . . . . . . . . . . . . . . 1 . . . . Energy Bleed 1 | . . . . . . . . . . 1 . . . . . . . . . . . . . . . . . Interference 5 | . . . . . . . . . . . . . . . . . . . . . . 5 . . . . . Matter Decay 2 | . . . . . . . . . . . . . . . . . . . . . . . 2 . . . . Short Circuit 1 | . . . . . . . . . . . . . . . . . . . . . . . 1 . . . . Siege Activations 16 | . . . . . . . . . . . . . . . . . . 1 . . 2 4 2 5 1 . 1 Total Turns 314 | . . . . . . . . . . . . . . . . . . 4 . . 14 133 51 81 2 . 29 Longest Duration 62 | . . . . . . . . . . . . . . . . . . 4 . . 8 43 30 62 2 . 29 Robots Corrupted . | . . . . . . . . . . . . . . . . . . . . . . . . . . . . Combat Hostiles . | . . . . . . . . . . . . . . . . . . . . . . . . . . . . Parts Fried . | . . . . . . . . . . . . . . . . . . . . . . . . . . . . Impact Corruptions . | . . . . . . . . . . . . . . . . . . . . . . . . . . . . Robots Melted 7 | . . . . 2 . . . . . . . . . . 1 . . . . . . 2 . 2 . . . Combat Hostiles 6 | . . . . 1 . . . . . . . . . . 1 . . . . . . 2 . 2 . . . Parts Melted 34 | . . . 2 7 . 4 . 1 . 2 . . 1 . 2 . . . . 1 . 5 3 6 . . . Heat Transferred 17725 | . 1073 185 1739 1221 1036 1848 300 200 . 700 . 111 111 . 1055 . . . 162 274 775 2590 1792 2553 . . . Parts Sabotaged . | . . . . . . . . . . . . . . . . . . . . . . . . . . . . Parts Stolen . | . . . . . . . . . . . . . . . . . . . . . . . . . . . . Parts Stripped . | . . . . . . . . . . . . . . . . . . . . . . . . . . . . Power Chain Reactions . | . . . . . . . . . . . . . . . . . . . . . . . . . . . . Missiles Intercepted . | . . . . . . . . . . . . . . . . . . . . . . . . . . . . Alert | -11 -10 -10 -9 -9 -8 -7 -7 -7 -7 -6 -6 -6 -6 -6 -5 -5 -5 -5 -5 -5 -5 -4 -4 -4 -4 -4 -4 ------- Run | Jun Mat Min Mat Sto Mat Fac Low Low Dat Pro Fac Low Low Zio Pro Fac Was Fac Upp Upp War Pro Fac Ext Cet Arc Hub Peak Influence 1042 | 10 410 266 385 254 185 275 . . . . 150 . . . . 591 136 282 . . . . 179 943 1042 643 276 Initial 528 | . 6 159 29 162 56 9 . . . . 30 . . . . 87 136 88 . . . . 59 87 528 416 224 Average 183 | 3 217 175 186 125 72 104 . . . . 55 . . . . 378 127 127 . . . . 124 372 795 582 117 Maximum Alert Level 3 | . 2 1 1 1 . 1 . . . . . . . . . 2 . 1 . . . . . 3 3 2 1 Low Security (%) 70 | 100 35 46 57 80 100 95 . . . . 100 . . . . 11 100 90 . . . . 100 36 . . 78 Level 1 21 | . 53 53 42 19 . 4 . . . . . . . . . 51 . 10 . . . . . 37 . . 21 Level 2 4 | . 10 . . . . . . . . . . . . . . 37 . . . . . . . 4 32 100 . Level 3 3 | . . . . . . . . . . . . . . . . . . . . . . . . 22 67 . . Level 4 . | . . . . . . . . . . . . . . . . . . . . . . . . . . . . Level 5 . | . . . . . . . . . . . . . . . . . . . . . . . . . . . . High Security . | . . . . . . . . . . . . . . . . . . . . . . . . . . . . Max Security . | . . . . . . . . . . . . . . . . . . . . . . . . . . . . Squads Dispatched 35 | . 5 . 3 3 . 8 . . . . 4 . . . 1 2 . . . . . . 2 1 . . 6 Investigation 15 | . 3 . 2 1 . 5 . . . . 2 . . . . . . . . . . . 1 . . . 1 Extermination 7 | . . . . . . 3 . . . . 2 . . . . 1 . . . . . . 1 . . . . Reinforcement 11 | . 2 . 1 2 . . . . . . . . . . . . . . . . . . . 1 . . 5 Assault 1 | . . . . . . . . . . . . . . . 1 . . . . . . . . . . . . Garrison 1 | . . . . . . . . . . . . . . . . 1 . . . . . . . . . . . Intercept . | . . . . . . . . . . . . . . . . . . . . . . . . . . . . Searches Triggered . | . . . . . . . . . . . . . . . . . . . . . . . . . . . . Data Miner Redirects 1 | . . . . . . . . . . . 1 . . . . . . . . . . . . . . . . Construction Impeded 3 | . . . . . . . . . . . . . . . . . . . . . . . . 1 . . 2 Haulers Reinforced . | . . . . . . . . . . . . . . . . . . . . . . . . . . . . Active Scanning Responses . | . . . . . . . . . . . . . . . . . . . . . . . . . . . . Cargo Convoy Interrupts . | . . . . . . . . . . . . . . . . . . . . . . . . . . . . Stealth | -11 -10 -10 -9 -9 -8 -7 -7 -7 -7 -6 -6 -6 -6 -6 -5 -5 -5 -5 -5 -5 -5 -4 -4 -4 -4 -4 -4 --------- Run | Jun Mat Min Mat Sto Mat Fac Low Low Dat Pro Fac Low Low Zio Pro Fac Was Fac Upp Upp War Pro Fac Ext Cet Arc Hub Distress Signals 21 | . 4 . 4 1 3 1 . . . . . . . . . 1 . 1 . . . . . 1 2 . 3 Communications Jammed 10 | . . . . . . 10 . . . . . . . . . . . . . . . . . . . . . Distress Signals 10 | . . . . . . 10 . . . . . . . . . . . . . . . . . . . . . Times Spotted 377 | . 27 1 44 18 23 22 7 6 . 20 8 14 5 . 24 12 5 9 3 2 26 9 11 30 11 5 35 Peak Tracking Total 18 | . 5 . 5 3 6 5 5 4 . 4 2 4 3 . 12 4 2 4 3 2 12 4 6 4 5 3 18 Tactical Retreats 14 | . 3 . 2 1 1 . . . . . . . . . 2 1 . 1 . . . . 1 1 . . 1 Traps | -11 -10 -10 -9 -9 -8 -7 -7 -7 -7 -6 -6 -6 -6 -6 -5 -5 -5 -5 -5 -5 -5 -4 -4 -4 -4 -4 -4 ------- Run | Jun Mat Min Mat Sto Mat Fac Low Low Dat Pro Fac Low Low Zio Pro Fac Was Fac Upp Upp War Pro Fac Ext Cet Arc Hub Traps Triggered 4 | . 1 . . . . 1 . . . . . . . . . 2 . . . . . . . . . . . Indirectly . | . . . . . . . . . . . . . . . . . . . . . . . . . . . . Trap Hack Attempts . | . . . . . . . . . . . . . . . . . . . . . . . . . . . . Triggered . | . . . . . . . . . . . . . . . . . . . . . . . . . . . . Disarmed 10 | . . . 6 . . . . . . . . . . . . . . 4 . . . . . . . . . Reprogrammed . | . . . . . . . . . . . . . . . . . . . . . . . . . . . . Reused . | . . . . . . . . . . . . . . . . . . . . . . . . . . . . Traps Extracted . | . . . . . . . . . . . . . . . . . . . . . . . . . . . . Installed . | . . . . . . . . . . . . . . . . . . . . . . . . . . . . Triggered 16 | . . . . . . . . . . . . . . . 2 . . . . . 14 . . . . . . Machines | -11 -10 -10 -9 -9 -8 -7 -7 -7 -7 -6 -6 -6 -6 -6 -5 -5 -5 -5 -5 -5 -5 -4 -4 -4 -4 -4 -4 ---------- Run | Jun Mat Min Mat Sto Mat Fac Low Low Dat Pro Fac Low Low Zio Pro Fac Was Fac Upp Upp War Pro Fac Ext Cet Arc Hub Machines Disabled 27 | . 1 . 5 7 2 . . . . . . . . . . . . 3 . . 1 . 2 . 2 2 2 Max in Single Turn 2 | . 1 . 1 1 1 . . . . . . . . . . . . 1 . . 1 . 2 . 1 1 1 Garrison Access 2 | . . . . . . . . . . . . . . . . . . 1 . . . . . . . . 1 Machines Repaired . | . . . . . . . . . . . . . . . . . . . . . . . . . . . . Machines Sabotaged . | . . . . . . . . . . . . . . . . . . . . . . . . . . . . Overloaded Fab Kills . | . . . . . . . . . . . . . . . . . . . . . . . . . . . . Hacking | -11 -10 -10 -9 -9 -8 -7 -7 -7 -7 -6 -6 -6 -6 -6 -5 -5 -5 -5 -5 -5 -5 -4 -4 -4 -4 -4 -4 --------- Run | Jun Mat Min Mat Sto Mat Fac Low Low Dat Pro Fac Low Low Zio Pro Fac Was Fac Upp Upp War Pro Fac Ext Cet Arc Hub Machines Accessed 84 | . 6 1 9 9 7 16 . . 3 . 7 . . . . 3 . 6 1 . 2 1 3 3 1 . 6 Terminals 50 | . 4 1 6 7 5 8 . . . . 2 . . . . 2 . 3 1 . . 1 1 3 1 . 5 Fabricators 6 | . . . . . . 3 . . . . 1 . . . . . . 1 . . . . 1 . . . . Repair Stations 12 | . . . 1 2 . 3 . . . . 3 . . . . 1 . 1 . . . . 1 . . . . Recycling Units 4 | . 2 . 1 . 1 . . . . . . . . . . . . . . . . . . . . . . Scanalyzers 4 | . . . 1 . 1 1 . . . . 1 . . . . . . . . . . . . . . . . Garrison Access 3 | . . . . . . 1 . . . . . . . . . . . 1 . . . . . . . . 1 Total Hacks 281 | . 13 4 32 23 27 70 . . 20 . 25 . . . . 8 . 13 1 . 3 1 7 12 2 . 20 Successful 185 | . 6 1 24 15 23 45 . . 20 . 16 . . . . 3 . 5 1 . 3 1 3 5 . . 14 Failed 96 | . 7 3 8 8 4 25 . . . . 9 . . . . 5 . 8 . . . . 4 7 2 . 6 Catastrophic 14 | . . 1 2 . . 1 . . . . . . . . . 3 . 3 . . . . 1 2 1 . . Database Lockouts . | . . . . . . . . . . . . . . . . . . . . . . . . . . . . Manual 82 | . 7 4 10 9 14 25 . . . . 1 . . . 1 2 . . . . 1 . . 3 1 . 4 Terminals 171 | . 9 4 22 19 19 42 . . . . 6 . . . . 5 . 8 1 . . 1 2 12 2 . 19 Fabricators 11 | . . . . . . 5 . . . . 3 . . . . . . 1 . . . . 2 . . . . Repair Stations 38 | . . . 4 4 . 12 . . . . 9 . . . . 3 . 3 . . . . 3 . . . . Recycling Units 7 | . 4 . 1 . 2 . . . . . . . . . . . . . . . . . . . . . . Scanalyzers 26 | . . . 5 . 6 8 . . . . 7 . . . . . . . . . . . . . . . . Garrison Access 5 | . . . . . . 3 . . . . . . . . . . . 1 . . . . . . . . 1 Terminal Hacks 102 | . 3 1 13 8 10 18 . . 20 . 3 . . . . 1 . 3 1 . 3 1 . 5 . . 12 Record 8 | . . . . . . . . . 2 . . . . . . . . . 1 . 2 1 . 2 . . . Part Schematic 24 | . . 1 2 2 1 4 . . 10 . 1 . . . . . . 1 . . . . . 1 . . 1 Robot Schematic 6 | . 1 . . . . . . . 5 . . . . . . . . . . . . . . . . . . Robot Analysis 2 | . . . 1 . . 1 . . . . . . . . . . . . . . . . . . . . . Prototype ID Bank 8 | . . . 2 1 1 . . . 3 . . . . . . . . . . . . . . . . . 1 Open Door 2 | . . . . 1 . . . . . . . . . . . . . . . . 1 . . . . . . Level Access Points 1 | . . . . . . . . . . . . . . . . . . . . . . . . . . . 1 Branch Access Points 4 | . . . 1 . . 2 . . . . . . . . . 1 . . . . . . . . . . . Machine Index 3 | . . . . . 1 1 . . . . . . . . . . . . . . . . . . . . 1 Terminal Index 4 | . . . . . 1 1 . . . . 1 . . . . . . . . . . . . . . . 1 Fabricator Index 1 | . . . . . . 1 . . . . . . . . . . . . . . . . . . . . . Scanalyzer Index 1 | . . . 1 . . . . . . . . . . . . . . . . . . . . . . . . Garrison Index 2 | . . . . . 1 . . . . . . . . . . . . 1 . . . . . . . . . Alert Level 1 | . . . . . . . . . . . . . . . . . . . . . . . . . . . 1 Unreport Threat 12 | . . . 3 3 2 1 . . . . . . . . . . . . . . . . . 1 . . 2 Locate Traps 6 | . 2 . 1 . . 1 . . . . . . . . . . . . . . . . . 1 . . 1 Disarm Traps 2 | . . . 1 . . . . . . . . . . . . . . 1 . . . . . . . . . Security Status 2 | . . . . . . 1 . . . . . . . . . . . . . . . . . . . . 1 Patrol Status 4 | . . . . 1 2 1 . . . . . . . . . . . . . . . . . . . . . Investigation Status 1 | . . . . . . 1 . . . . . . . . . . . . . . . . . . . . . Reinforcement Status 1 | . . . . . 1 . . . . . . . . . . . . . . . . . . . . . . Recall Investigation 2 | . . . . . . 2 . . . . . . . . . . . . . . . . . . . . . Recall Extermination 1 | . . . . . . . . . . . 1 . . . . . . . . . . . . . . . . Recall Reinforcements 1 | . . . . . . . . . . . . . . . . . . . . . . . . . . . 1 Hauler Manifests 1 | . . . 1 . . . . . . . . . . . . . . . . . . . . . . . . Registered Prototypes 1 | . . . . . . 1 . . . . . . . . . . . . . . . . . . . . . Zone Layout 1 | . . . . . . . . . . . . . . . . . . . . . . . . . . . 1 Fabricator Hacks 8 | . . . . . . 4 . . . . 2 . . . . . . . . . . . 2 . . . . Load Schematic 4 | . . . . . . 2 . . . . 1 . . . . . . . . . . . 1 . . . . Build 4 | . . . . . . 2 . . . . 1 . . . . . . . . . . . 1 . . . . Repair Station Hacks 25 | . . . 4 4 . 8 . . . . 5 . . . . 2 . 1 . . . . 1 . . . . Scan Component 14 | . . . 2 2 . 4 . . . . 3 . . . . 1 . 1 . . . . 1 . . . . Repair 11 | . . . 2 2 . 4 . . . . 2 . . . . 1 . . . . . . . . . . . Recycling Unit Hacks 3 | . 1 . 1 . 1 . . . . . . . . . . . . . . . . . . . . . . Report Inventory 3 | . 1 . 1 . 1 . . . . . . . . . . . . . . . . . . . . . . Scanalyzer 25 | . . . 5 . 6 8 . . . . 6 . . . . . . . . . . . . . . . . Insert Component 9 | . . . 2 . 2 2 . . . . 3 . . . . . . . . . . . . . . . . Analyze 16 | . . . 3 . 4 6 . . . . 3 . . . . . . . . . . . . . . . . Garrison Access Hacks 2 | . . . . . . . . . . . . . . . . . . 1 . . . . . . . . 1 Seal Access 2 | . . . . . . . . . . . . . . . . . . 1 . . . . . . . . 1 Unauthorized Hacks 20 | . 2 . 1 3 6 7 . . . . . . . . . . . . . . . . . . . . 1 Terminals 15 | . . . 1 3 6 4 . . . . . . . . . . . . . . . . . . . . 1 Assimilate 5 | . . . . . 3 1 . . . . . . . . . . . . . . . . . . . . 1 Botnet 7 | . . . 1 2 2 2 . . . . . . . . . . . . . . . . . . . . . Operators 3 | . . . . 1 1 1 . . . . . . . . . . . . . . . . . . . . . Fabricators 1 | . . . . . . 1 . . . . . . . . . . . . . . . . . . . . . Recompile 1 | . . . . . . 1 . . . . . . . . . . . . . . . . . . . . . Repair Stations 1 | . . . . . . 1 . . . . . . . . . . . . . . . . . . . . . Mechanics 1 | . . . . . . 1 . . . . . . . . . . . . . . . . . . . . . Recycling Units 2 | . 2 . . . . . . . . . . . . . . . . . . . . . . . . . . Tunnel 2 | . 2 . . . . . . . . . . . . . . . . . . . . . . . . . . Scanalyzers . | . . . . . . . . . . . . . . . . . . . . . . . . . . . . Garrison Access 1 | . . . . . . 1 . . . . . . . . . . . . . . . . . . . . . Watchers 1 | . . . . . . 1 . . . . . . . . . . . . . . . . . . . . . Data Cores Recovered 6 | . . . . . . 1 . . . . 1 . . . . 1 . 1 . . . . 1 . . . 1 Used 3 | . . . . . . 1 . . . . 1 . . . . . . 1 . . . . . . . . . Hacking Detections 64 | . 4 1 7 6 6 14 . . . . 6 . . . . 3 . 5 . . . . 3 3 1 . 5 Full Trace Events 9 | . . . 1 . . 4 . . . . 2 . . . . . . . . . . . 1 . . . 1 Feedback Events . | . . . . . . . . . . . . . . . . . . . . . . . . . . . . Feedback Blocked . | . . . . . . . . . . . . . . . . . . . . . . . . . . . . Robot Schematics Acquired 10 | . 1 . . . . . . . 5 . . . . 4 . . . . . . . . . . . . . Robots Built . | . . . . . . . . . . . . . . . . . . . . . . . . . . . . Authchips . | . . . . . . . . . . . . . . . . . . . . . . . . . . . . Time . | . . . . . . . . . . . . . . . . . . . . . . . . . . . . Total Robot Build Rating . | . . . . . . . . . . . . . . . . . . . . . . . . . . . . Part Schematics Acquired 47 | . . 1 4 2 3 6 . . 10 . 4 . . 14 . . . 1 . . . . . 1 . . 1 Parts Built 6 | . . . . . . 2 . . . . 2 . . . . . . . . . . . 2 . . . . Authchips 1 | . . . . . . 1 . . . . . . . . . . . . . . . . . . . . . Time 279 | . . . . . . 148 . . . . 47 . . . . . . . . . . . 84 . . . . Total Part Build Rating 28 | . . . . . . 10 . . . . 10 . . . . . . . . . . . 8 . . . . Parts Repaired 11 | . . . 2 2 . 4 . . . . 2 . . . . 1 . . . . . . . . . . . Time 284 | . . . 52 77 . 95 . . . . 44 . . . . 16 . . . . . . . . . . . Parts Recycled . | . . . . . . . . . . . . . . . . . . . . . . . . . . . . Recycled Matter . | . . . . . . . . . . . . . . . . . . . . . . . . . . . . Retrieved Matter . | . . . . . . . . . . . . . . . . . . . . . . . . . . . . Retrieved Components . | . . . . . . . . . . . . . . . . . . . . . . . . . . . . Parts Scanalyzed 9 | . . . 2 . 2 2 . . . . 3 . . . . . . . . . . . . . . . . Part Schematics Acquired 9 | . . . 2 . 2 2 . . . . 3 . . . . . . . . . . . . . . . . Parts Damaged . | . . . . . . . . . . . . . . . . . . . . . . . . . . . . Bothacking | -11 -10 -10 -9 -9 -8 -7 -7 -7 -7 -6 -6 -6 -6 -6 -5 -5 -5 -5 -5 -5 -5 -4 -4 -4 -4 -4 -4 ------------ Run | Jun Mat Min Mat Sto Mat Fac Low Low Dat Pro Fac Low Low Zio Pro Fac Was Fac Upp Upp War Pro Fac Ext Cet Arc Hub Used RIF Installer . | . . . . . . . . . . . . . . . . . . . . . . . . . . . . Robots Hacked . | . . . . . . . . . . . . . . . . . . . . . . . . . . . . Non-combat . | . . . . . . . . . . . . . . . . . . . . . . . . . . . . Combat . | . . . . . . . . . . . . . . . . . . . . . . . . . . . . Robot Hacks Applied . | . . . . . . . . . . . . . . . . . . . . . . . . . . . . Relay Couplers Released . | . . . . . . . . . . . . . . . . . . . . . . . . . . . . Fabnet Peak Effective % . | . . . . . . . . . . . . . . . . . . . . . . . . . . . . Robots Rewired 19 | . . . . . . . . . . . . 2 . . 2 . . . . . 5 . . 9 . . 1 Allies Hacked . | . . . . . . . . . . . . . . . . . . . . . . . . . . . . Hacks Repelled . | . . . . . . . . . . . . . . . . . . . . . . . . . . . . Allies | -11 -10 -10 -9 -9 -8 -7 -7 -7 -7 -6 -6 -6 -6 -6 -5 -5 -5 -5 -5 -5 -5 -4 -4 -4 -4 -4 -4 -------- Run | Jun Mat Min Mat Sto Mat Fac Low Low Dat Pro Fac Low Low Zio Pro Fac Was Fac Upp Upp War Pro Fac Ext Cet Arc Hub Total Allies 53 | . . 3 . 10 2 1 . . . 1 . 2 . . 2 . . . . . 5 . . 21 4 . 2 Largest Group 19 | . . 3 3 10 1 1 . . . 1 . 2 2 . 2 . . . . . 5 2 2 19 19 12 9 Highest-Rated Group 948 | . . 40 40 88 10 26 . . . 96 . 62 62 . 79 . . . . . 290 130 130 948 942 762 556 Highest-Rated Ally 159 | . . 16 16 16 10 26 . . . 96 . 31 31 . 49 . . . . . 65 65 65 159 159 139 96 Total Orders 11 | . . . . . . . . . . . . . . . . . . . . . . 2 . . 7 . 2 STAY 7 | . . . . . . . . . . . . . . . . . . . . . . . . . 5 . 2 ROAM 1 | . . . . . . . . . . . . . . . . . . . . . . 1 . . . . . FOLLOW 2 | . . . . . . . . . . . . . . . . . . . . . . . . . 2 . . GUARD 1 | . . . . . . . . . . . . . . . . . . . . . . 1 . . . . . Ally Attacks 438 | . . . 46 65 . . . . . 14 . 8 13 . 15 . . . . . 26 . . 90 78 31 52 Total Damage 10698 | . . . 486 510 . . . . . 617 . 168 214 . 465 . . . . . 951 . . 2201 2343 1057 1686 Kills 78 | . . . 9 8 . . . . . 5 . 1 4 . 2 . . . . . 2 . . 16 18 5 8 Allies Corrupted . | . . . . . . . . . . . . . . . . . . . . . . . . . . . . Allies Melted . | . . . . . . . . . . . . . . . . . . . . . . . . . . . . Intel | -11 -10 -10 -9 -9 -8 -7 -7 -7 -7 -6 -6 -6 -6 -6 -5 -5 -5 -5 -5 -5 -5 -4 -4 -4 -4 -4 -4 ------- Run | Jun Mat Min Mat Sto Mat Fac Low Low Dat Pro Fac Low Low Zio Pro Fac Was Fac Upp Upp War Pro Fac Ext Cet Arc Hub Robot Analysis Total 2 | . . . 1 . . 1 . . . . . . . . . . . . . . . . . . . . . Derelict Logs Recovered 14 | . . 1 . . . . 2 1 . 3 . . 1 3 2 . . . 1 . . . . . . . . Drone Launches . | . . . . . . . . . . . . . . . . . . . . . . . . . . . . Drone Recoveries . | . . . . . . . . . . . . . . . . . . . . . . . . . . . . Decoded 0b10 Intel 10 | . . . . . . . . . . . . . . . . 9 . 1 . . . . . . . . . Patrols 1 | . . . . . . . . . . . . . . . . 1 . . . . . . . . . . . Guards 9 | . . . . . . . . . . . . . . . . 8 . 1 . . . . . . . . . Exploration | -11 -10 -10 -9 -9 -8 -7 -7 -7 -7 -6 -6 -6 -6 -6 -5 -5 -5 -5 -5 -5 -5 -4 -4 -4 -4 -4 -4 ------------- Run | Jun Mat Min Mat Sto Mat Fac Low Low Dat Pro Fac Low Low Zio Pro Fac Was Fac Upp Upp War Pro Fac Ext Cet Arc Hub Turns Passed 21177 | 91 757 741 1597 1010 999 1921 725 1267 111 1324 860 712 559 992 946 418 195 650 400 364 1036 738 572 1198 309 99 586 Spaces Moved 11947 | 45 368 455 740 480 497 1190 404 648 90 832 562 462 453 814 581 218 87 356 244 217 554 341 239 572 165 46 287 Core 6 | 6 . . . . . . . . . . . . . . . . . . . . . . . . . . . Treads 5723 | 39 208 430 740 480 497 235 . . . . . . . . . . 73 356 244 217 554 341 239 572 165 46 287 Legs 6218 | . 160 25 . . . 955 404 648 90 832 562 462 453 814 581 218 14 . . . . . . . . . . Wheels . | . . . . . . . . . . . . . . . . . . . . . . . . . . . . Hover . | . . . . . . . . . . . . . . . . . . . . . . . . . . . . Flight . | . . . . . . . . . . . . . . . . . . . . . . . . . . . . Fastest Speed 50 | 50 120 120 160 160 160 120 120 190 120 120 120 120 120 120 120 120 120 160 160 160 160 160 160 160 160 160 160 Average Speed 146 | 147 142 157 160 160 160 128 165 190 120 144 120 120 120 120 120 120 153 160 160 160 160 160 183 160 160 160 160 Slowest Speed 240 | 160 190 160 160 160 160 190 190 190 190 190 120 120 120 120 120 120 160 160 160 160 160 160 240 160 160 160 160 Overloaded Moves . | . . . . . . . . . . . . . . . . . . . . . . . . . . . . Propulsion Burnouts . | . . . . . . . . . . . . . . . . . . . . . . . . . . . . Robots Hopped 1 | . . . . . . . . . . . . . . . . . . . . . . . . . . . 1 Cave-ins Triggered . | . . . . . . . . . . . . . . . . . . . . . . . . . . . . Exploration Rate (%) 58 | 4 82 97 66 82 41 30 54 93 68 91 18 58 64 81 68 8 87 14 51 44 71 59 6 84 75 84 44 Regions Visited 27 Branch Regions 18 Pre-discovered Areas 5 | . 2 . . . . . . . 1 1 . . 1 . . . . . . . . . . . . . . Known Exits Taken 8 | . . 1 1 . . 1 1 . . . 1 . . . 1 . . 1 1 . . . . . . . . Unknown Exits Taken 17 | 1 1 . . 1 1 . . 1 1 1 . 1 1 1 . . . . . 1 1 1 1 1 1 1 . Scrap Searched 22 | . . 1 . . . . 3 2 . 4 . 2 2 3 3 . . . . 1 . 1 . . . . . Spaces Dug 190 | . . 9 . . 3 10 32 16 . 81 5 . . . 31 . . . . . . . . . . . 3 Terrain Destroyed 488 | . 11 19 10 . 28 22 49 16 . 148 6 1 1 . 59 12 . . . . 22 20 7 19 5 11 22 Melee 14 | . . . . . . 10 1 . . 2 1 . . . . . . . . . . . . . . . . Projectile 135 | . . . . . 3 1 1 . . 5 5 1 1 . 17 4 . . . . 13 20 7 19 5 11 22 AOE 339 | . 11 19 10 . 25 11 47 16 . 141 . . . . 42 8 . . . . 9 . . . . . . Terrain Rammed . | . . . . . . . . . . . . . . . . . . . . . . . . . . . . Walls Destroyed . | . . . . . . . . . . . . . . . . . . . . . . . . . . . . Machines Disabled . | . . . . . . . . . . . . . . . . . . . . . . . . . . . . Actions | -11 -10 -10 -9 -9 -8 -7 -7 -7 -7 -6 -6 -6 -6 -6 -5 -5 -5 -5 -5 -5 -5 -4 -4 -4 -4 -4 -4 --------- Run | Jun Mat Min Mat Sto Mat Fac Low Low Dat Pro Fac Low Low Zio Pro Fac Was Fac Upp Upp War Pro Fac Ext Cet Arc Hub Total 14266 | 57 513 470 992 652 615 1480 442 671 93 909 696 526 459 826 720 316 113 401 248 222 681 443 333 790 195 59 344 Wait 925 | . 66 . 99 95 29 161 8 8 . 17 69 14 . 1 60 52 . 11 1 1 16 49 40 93 19 . 16 Move 11919 | 44 367 454 739 479 496 1189 403 647 89 831 561 461 452 813 580 218 86 355 243 216 553 340 238 571 164 45 285 Hop 1 | . . . . . . . . . . . . . . . . . . . . . . . . . . . 1 Pick Up 70 | . 5 1 6 3 6 8 2 . 1 4 8 . . 2 1 3 1 2 1 . 9 1 3 1 . 2 . Fast Attach 106 | 6 4 2 4 1 2 8 3 . 1 3 6 4 2 2 7 8 3 5 . . 7 6 10 7 1 . 4 Attach 28 | . 2 . 5 1 2 5 . . . 1 3 . . . 2 . 1 . . . 3 1 1 . . 1 . Detach 4 | . 1 . . . . . . . . . . . . . 1 . . . . . 2 . . . . . . Swap 177 | 1 2 2 44 18 24 17 8 6 . 12 11 . . 3 4 5 3 4 1 . 3 1 2 1 2 1 2 Drop 158 | 1 3 3 16 7 11 14 4 . 2 4 13 1 1 4 3 7 5 8 . . 19 2 13 9 1 3 4 Fire 696 | 5 63 8 74 47 43 51 13 10 . 30 24 41 4 . 60 23 14 16 2 5 16 43 26 34 8 7 29 Melee 36 | . . . . . . 26 1 . . 7 1 . . 1 . . . . . . . . . . . . . Ram . | . . . . . . . . . . . . . . . . . . . . . . . . . . . . Kick . | . . . . . . . . . . . . . . . . . . . . . . . . . . . . Crush 13 | . . . 5 1 2 1 . . . . . . . . . . . . . . . . . 3 . . 1 Escape Stasis . | . . . . . . . . . . . . . . . . . . . . . . . . . . . . Rewire 133 | . . . . . . . . . . . . 5 . . 2 . . . . . 53 . . 71 . . 2 Trap . | . . . . . . . . . . . . . . . . . . . . . . . . . . . . Miscellaneous . | . . . . . . . . . . . . . . . . . . . . . . . . . . . . Route ------- -11/Junkyard -10/Materials (discovered 3 exits: *Mat / *Min x2) -10/Mines (discovered 2 exits: *Mat x2) -9/Materials (discovered 3 exits: *Mat / Min / *Sto) -9/Storage -8/Materials -7/Factory (discovered 3 exits: *Fac / *Low x2) -7/Lower Caves -7/Lower Caves (discovered 2 exits: *Fac / *Dat) -7/Data Miner -6/Proximity Caves -6/Factory (discovered 3 exits: *Fac x2 / *Low) -6/Lower Caves -6/Lower Caves (discovered 2 exits: *Fac / [*Zio]) -6/Zion -5/Proximity Caves -5/Factory (discovered 2 exits: Upp x2) -5/Waste -5/Factory (discovered 2 exits: *Upp x2) -5/Upper Caves -5/Upper Caves -5/Warlord -4/Proximity Caves -4/Factory (discovered 2 exits: *Ext / Arm) -4/Extension (discovered 2 exits: *Res / *Cet) -4/Cetus (discovered 2 exits: *Res / [*Arc]) -4/Archives (discovered 3 exits: *Res / *Hub x2) -4/Hub_04(d) (discovered 4 exits: *Res x4) History --------- Turn | Location | Event 6 | -11/Junkyard | Discovered new exit (range 14) 92 | -11/Junkyard | Entered Materials 285 | -10/Materials | Discovered new exit (range 15) 321 | -10/Materials | Build established: Mutant 362 | -10/Materials | Discovered new exit (range 3) 830 | -10/Materials | Discovered new exit (range 16) 849 | -10/Materials | Entered Mines 875 | -10/Mines | Joined a pair of Derelicts in attacking an 0b10 outpost 919 | -10/Mines | Build established: Scavenger-Mutant 937 | -10/Mines | Found a hidden stash of uninstalled traps 1238 | -10/Mines | Discovered new exit (range 11) 1289 | -10/Mines | Assisted by bots powering up and referring to "LRC-V3" 1337 | -10/Mines | Identified exit to Materials 1590 | -10/Mines | Entered Materials 1590 | -9/Materials | Accompanied by 3 allies 1590 | -9/Materials | Evolved 2 slots: Utility x2 1639 | -9/Materials | Repaired Grenade Launcher 1668 | -9/Materials | Repaired Structural Scanner 1696 | -9/Materials | Discovered new exit (range 15) 1851 | -9/Materials | Identified exit to Mines 1851 | -9/Materials | Identified exit to Storage 2480 | -9/Materials | Discovered new exit (range 10) 3187 | -9/Materials | Entered Storage 3245 | -9/Storage | Assisted by bots powering up and referring to "LRC-V3" 3796 | -9/Storage | Repaired Lgt. Treads 4060 | -9/Storage | Repaired Hvy. Ion Engine 4170 | -9/Storage | Discovered new exit (range 16) 4197 | -9/Storage | Entered Materials 4197 | -8/Materials | Evolved 2 slots: Utility x2 4658 | -8/Materials | Build established: Hacker-Mutant 4674 | -8/Materials | Discovered new exit (range 14) 5196 | -8/Materials | Entered Factory 5196 | -7/Factory | Evolved 2 slots: Utility x2 5798 | -7/Factory | Repaired Imp. Utility Shielding 5818 | -7/Factory | Repaired Shield Generator 5881 | -7/Factory | Discovered new exit (range 12) 5889 | -7/Factory | Identified exit to Lower Caves 6431 | -7/Factory | Fabricated Adv. Salvage Targeting Computer? 6450 | -7/Factory | Fabricated Imp. Medium Armor Plating? 6900 | -7/Factory | Repaired Enh. Nuclear Core 6926 | -7/Factory | Repaired Arm. Leg 7117 | -7/Factory | Entered Lower Caves 7293 | -7/Lower Caves | Learned Factory interactive machine intel 7323 | -7/Lower Caves | Found Imp. Powered Armor 7579 | -7/Lower Caves | Identified exit to Lower Caves 7842 | -7/Lower Caves | Entered another Lower Caves area 7872 | -7/Lower Caves | Discovered new exit (range 10) 7882 | -7/Lower Caves | Learned 4 Factory zone layouts 8269 | -7/Lower Caves | Spotted B-75 Beast 8707 | -7/Lower Caves | Encountered a Warlord checkpoint 8949 | -7/Lower Caves | Discovered new exit (range 15) 9109 | -7/Lower Caves | Entered Data Miner 9110 | -7/Data Miner | Discovered new exit (range 6) 9133 | -7/Data Miner | Met Data Miner 9154 | -7/Data Miner | Learned location of Section 7 (-2) 9154 | -7/Data Miner | Acquired the access code to Warlord's prototype stash 9172 | -7/Data Miner | Received God Mode back door access code from Data Miner 9220 | -7/Data Miner | Entered Proximity Caves 9270 | -6/Proximity Caves | Learned Factory emergency access door positions 9304 | -6/Proximity Caves | Escorted by Enhanced Grunt 9543 | -6/Proximity Caves | Attracted the attention of an 0b10 checkpoint 9742 | -6/Proximity Caves | Learned location of Zion (-6) 9933 | -6/Proximity Caves | Learned 8 Factory zone layouts 10460 | -6/Proximity Caves | Discovered new exit (range 8) 10528 | -6/Proximity Caves | Attracted the attention of an 0b10 base 10544 | -6/Proximity Caves | Entered Factory 10544 | -6/Factory | Evolved 2 slots: Propulsion x1, Weapon x1 10545 | -6/Factory | Identified exit to Lower Caves 10545 | -6/Factory | Identified exit to Factory 10547 | -6/Factory | Loaded intel: 52 interactive machine locations 10910 | -6/Factory | Spotted B-75 Beast 11068 | -6/Factory | Incoming investigation squad redirected 11099 | -6/Factory | Fabricated Weapon Mount (x2) 11261 | -6/Factory | Repaired Gauss Rifle 11284 | -6/Factory | Repaired Gauss Rifle 11404 | -6/Factory | Entered Lower Caves 11641 | -6/Lower Caves | Build established: Scavenger-Tank 11741 | -6/Lower Caves | Attacked by a faux Warlord 12040 | -6/Lower Caves | Discovered new exit (range 7) 12094 | -6/Lower Caves | Build established: Scavenger-Gunner 12116 | -6/Lower Caves | Entered another Lower Caves area 12116 | -6/Lower Caves | Accompanied by 2 allies 12118 | -6/Lower Caves | Attracted the attention of an 0b10 checkpoint 12135 | -6/Lower Caves | Discovered exit to Factory (range 12) 12452 | -6/Lower Caves | Encountered a Warlord checkpoint 12571 | -6/Lower Caves | Spotted B-75 Beast 12669 | -6/Lower Caves | Discovered new exit (range 7) 12675 | -6/Lower Caves | Entered Zion 12709 | -6/Zion | Discovered new exit (range 21) 12851 | -6/Zion | Learned Factory garrison access intel 12887 | -6/Zion | Learned Factory emergency access door positions 12925 | -6/Zion | Visited the Megawrench Repair Shop 12971 | -6/Zion | Learned Factory emergency access door positions 12980 | -6/Zion | Given the Hacking Drone Bay 12980 | -6/Zion | Found Prototype Device 12980 | -6/Zion | Identified Hacking Drone Bay 13070 | -6/Zion | Found CR-A16's Pointy Stick 13181 | -6/Zion | Given A8's code to call for help 13456 | -6/Zion | Found Prototype Special Weapon 13525 | -6/Zion | Megawrench repaired 13 parts 13667 | -6/Zion | Entered Proximity Caves 13713 | -5/Proximity Caves | Attracted the attention of an 0b10 outpost 13800 | -5/Proximity Caves | Destroyed 7 combat bots 13896 | -5/Proximity Caves | Lost 3 parts (3w) 13980 | -5/Proximity Caves | Acquired the password to a Derelict Tinkerer's latest research 13990 | -5/Proximity Caves | Found Prototype Special Weapon 13990 | -5/Proximity Caves | Identified Molecular Deconstructor 14042 | -5/Proximity Caves | Identified RU-N14's Throwing Claymores 14139 | -5/Proximity Caves | Learned Factory emergency access door positions 14269 | -5/Proximity Caves | Spotted B-75 Beast 14338 | -5/Proximity Caves | Caught by Unaware searching for contraband prototypes 14440 | -5/Proximity Caves | Discovered exit to Factory (range 7) 14613 | -5/Proximity Caves | Entered Factory 14613 | -5/Factory | Evolved 2 slots: Propulsion x1, Weapon x1 14615 | -5/Factory | Loaded intel: 4 garrison access locations 14626 | -5/Factory | Identified exit to Upper Caves 14659 | -5/Factory | Garrison activated, responded to threat 14929 | -5/Factory | Repaired Arm. Leg 15031 | -5/Factory | Manually triggered Chute Trap 15031 | -5/Factory | Sucked down chute 15031 | -5/Factory | Entered Waste 15043 | -5/Waste | Spotted C-40 Crusher 15046 | -5/Waste | EMP discharged 15046 | -5/Waste | Spotted C-40 Crusher 15068 | -5/Waste | Crushed by Compactor (1 part destroyed, 1 dropped) 15068 | -5/Waste | Destroyed C-40 Crusher 15135 | -5/Waste | Spotted C-40 Crusher 15135 | -5/Waste | Spotted C-40 Crusher 15144 | -5/Waste | Destroyed C-40 Crusher 15146 | -5/Waste | EMP discharged 15146 | -5/Waste | System corruption reached 10% 15151 | -5/Waste | Destroyed C-40 Crusher 15163 | -5/Waste | Destroyed C-40 Crusher 15166 | -5/Waste | Destroyed C-40 Crusher 15192 | -5/Waste | Discovered new exit (range 22) 15226 | -5/Waste | Entered Factory 15444 | -5/Factory | Discovered exit to Upper Caves (range 10) 15839 | -5/Factory | Discovered exit to Upper Caves (range 8) 15876 | -5/Factory | Entered Upper Caves 16099 | -5/Upper Caves | Encountered a Warlord checkpoint 16121 | -5/Upper Caves | Identified exit to Upper Caves 16276 | -5/Upper Caves | Entered another Upper Caves area 16530 | -5/Upper Caves | Discovered new exit (range 7) 16640 | -5/Upper Caves | Entered Warlord 16699 | -5/Warlord | System corruption cleaned by Quarantine Array 16892 | -5/Warlord | Warlord's base attacked by MAIN.C 16901 | -5/Warlord | Found Prototype Energy Gun 16901 | -5/Warlord | Identified Vortex Rail 16905 | -5/Warlord | Found Vortex Rail 16911 | -5/Warlord | Found Prototype Energy Cannon 16914 | -5/Warlord | Found Prototype Energy Cannon 16919 | -5/Warlord | Found Prototype Energy Cannon 17242 | -5/Warlord | Warlord forces counterattacked 17296 | -5/Warlord | Met Warlord 17311 | -5/Warlord | Opened Warlord's prototype stash 17321 | -5/Warlord | Found Prototype Device 17321 | -5/Warlord | Identified Exp. Focal Shield 17324 | -5/Warlord | Found Prototype Processor 17324 | -5/Warlord | Identified Spectral Analyzer 17334 | -5/Warlord | Identified Vortex Driver 17337 | -5/Warlord | Found Prototype Reactor 17357 | -5/Warlord | Build established: Scavenger-Tank 17551 | -5/Warlord | Spotted B-86 Titan 17552 | -5/Warlord | Spotted Striker 17563 | -5/Warlord | Allies destroyed B-86 Titan 17567 | -5/Warlord | Warlord base infiltrated, sounded retreat 17595 | -5/Warlord | Spotted Executioner 17654 | -5/Warlord | Discovered new exit (range 16) 17676 | -5/Warlord | Entered Proximity Caves 17676 | -4/Proximity Caves | Accompanied by 2 allies 17760 | -4/Proximity Caves | Spotted B-86 Titan 17767 | -4/Proximity Caves | Identified Vortex Cannon (x2) 17806 | -4/Proximity Caves | Destroyed B-86 Titan 18319 | -4/Proximity Caves | Discovered new exit (range 18) 18414 | -4/Proximity Caves | Entered Factory 18414 | -4/Factory | Accompanied by 2 allies 18414 | -4/Factory | Evolved 2 slots: Power x1, Weapon x1 18415 | -4/Factory | Identified exit to Armory 18512 | -4/Factory | Build established: Scavenger-Gunner 18670 | -4/Factory | Identified Vortex Chain Reactor 18736 | -4/Factory | Discovered new exit (range 16) 18860 | -4/Factory | Fabricated Med. Treads? 18986 | -4/Factory | Entered Extension 18986 | -4/Extension | Accompanied by 2 allies 19156 | -4/Extension | Build established: Gunner 19340 | -4/Extension | Rescued a captive Derelict 19376 | -4/Extension | Rescued a captive Derelict 19464 | -4/Extension | Rescued a captive Derelict 19686 | -4/Extension | Disrupted transfer network 19726 | -4/Extension | Spotted B-86 Titan 19739 | -4/Extension | Spotted B-86 Titan 19746 | -4/Extension | Destroyed B-86 Titan 19763 | -4/Extension | Destroyed B-86 Titan 19823 | -4/Extension | Build established: Commander-Gunner 19843 | -4/Extension | Rescued a captive Derelict 19938 | -4/Extension | Rescued a captive Derelict 19943 | -4/Extension | Rescued a captive Derelict 19979 | -4/Extension | Rescued a captive Derelict 19993 | -4/Extension | Rescued A7 20012 | -4/Extension | Rescued a captive Derelict 20013 | -4/Extension | Rescued a captive Derelict 20108 | -4/Extension | Rescued a captive Derelict 20109 | -4/Extension | Rescued a captive Derelict 20146 | -4/Extension | Discovered new exit (range 10) 20148 | -4/Extension | Discovered new exit (range 6) 20184 | -4/Extension | Entered Cetus 20184 | -4/Cetus | Accompanied by 19 allies (A7) 20189 | -4/Cetus | Acquired a Cetus Manufacturing Module code from A7 20197 | -4/Cetus | Spotted Cetus Guard 20197 | -4/Cetus | Spotted Cetus Guard 20199 | -4/Cetus | Spotted Cetus Guard 20205 | -4/Cetus | Spotted Cetus Guard 20217 | -4/Cetus | Allies destroyed Cetus Guard 20218 | -4/Cetus | Allies destroyed Cetus Guard 20221 | -4/Cetus | Allies destroyed Cetus Guard 20221 | -4/Cetus | Allies destroyed Cetus Guard 20304 | -4/Cetus | Escorted A7 to Cetus Mainframe 20310 | -4/Cetus | Discovered new exit (range 24) 20333 | -4/Cetus | Started Cetus Manufacturing Module 20358 | -4/Cetus | Manufactured an Enhanced Grunt 20379 | -4/Cetus | Spotted Cetus Guard 20379 | -4/Cetus | Spotted Cetus Guard 20381 | -4/Cetus | Spotted Cetus Guard 20382 | -4/Cetus | Destroyed Cetus Guard 20383 | -4/Cetus | Manufactured an Enhanced Grunt 20384 | -4/Cetus | Spotted Cetus Guard 20387 | -4/Cetus | Discovered new exit (range 24) 20388 | -4/Cetus | Allies destroyed Cetus Guard 20402 | -4/Cetus | Allies destroyed Cetus Guard 20404 | -4/Cetus | Allies destroyed Cetus Guard 20408 | -4/Cetus | Manufactured an Enhanced Grunt 20418 | -4/Cetus | Met Revision 17 20433 | -4/Cetus | Manufactured an Enhanced Grunt 20438 | -4/Cetus | Cetus Manufacturing Module disabled 20493 | -4/Cetus | Entered Archives 20493 | -4/Archives | Accompanied by 12 allies (A7) 20498 | -4/Archives | Received a hacking code to weaken MAIN.C 20516 | -4/Archives | Discovered new exit (range 23) 20555 | -4/Archives | Discovered new exit (range 22) 20562 | -4/Archives | Discovered new exit (range 23) 20592 | -4/Archives | Entered Hub_04(d) 20592 | -4/Hub_04(d) | Accompanied by 8 allies 20754 | -4/Hub_04(d) | Identified exit to Research 21013 | -4/Hub_04(d) | Found Prototype Device 21013 | -4/Hub_04(d) | Identified Exp. Thermal Shield 21076 | -4/Hub_04(d) | Build established: Scavenger-Gunner 21178 | -4/Hub_04(d) | Self-destructed Last Messages --------------- 21167_ Slug penetrates Wall. 21167_ Slug penetrates H-71 Marshal. 21167_ Slug penetrates Wall. 21168_ Vortex Cannon blasted off. 21172_ Slug penetrates H-71 Marshal. 21172_ Penetrated by Slug. 21172_ Exp. Utility Shielding destroyed. 21172_ Critical hit (Blast). 21172_ Slug penetrates X-77 Beamer. 21175_ Penetrated by Slug. 21175_ Slug penetrates Wall. 21175_ Railgun destroyed. 21175_ Slug penetrates H-71 Marshal. 21175_ Slug penetrates Wall. 21175_ Adv. KE Penetrator destroyed. 21175_ KE Penetrator destroyed. 21176_ Penetrated by Slug. 21178_ Slug penetrates Wall. 21178_ Penetrated by Slug. 21178_ U-05 Engineer builds a Wall. Map ----- +----------------------------------------------------+ | ?????????????????????????????????????????????????? | | ?????????????????????????????????????????????????? | | ?????????????????????????????????????????????????? | | ?????????????????????????????????????????????????? | | ?????????????????????????????????????????????????? | | ?????????????????????????????????????????????????? | | ????????????????????????##???????????????????????? | | ???????????????????????? ???????????????????????? | | ???????????????????????? ???????????????????????? | | ?????